Map: Acid Plant LE

Players

Elazer - Winner!

  • Race: Zerg Zerg
  • Spawn Location: 5:00

Scarlett

  • Race: Zerg Zerg
  • Spawn Location: 11:00

Event: IEM Season 12 - PyeongChang

VOD

Have the link to the VOD?

Description

Time

  • Played on: Feb. 6, 2018, 9:11 p.m.
  • Length: 7:26

All games in this series

Show
View Real Time Build Order
Export as new Build Order

Elazer Zerg - Winner!

Build Orders: Hatch First 

Get SALT Encoding   

  12  0:00  Drone  
  13  0:12  Overlord  
  13  0:17  Drone  
  14  0:30  Drone x2  
  14  0:34  Drone  
  17  0:51  Hatchery  
  17  0:53  Drone  
  17  0:56  Drone  
  18  1:05  Extractor  
  17  1:12  Spawning Pool  
  17  1:15  Drone  
  18  1:18  Drone  
  18  1:28  Drone  
  19  1:38  Drone  
  20  1:49  Overlord  
  20  1:53  Evolution Chamber  
  19  1:59  Queen  
  19  2:00  Drone  
  22  2:02  Queen  
  22  2:04  Drone  
  25  2:11  Drone  
  25  2:14  Drone  
  27  2:21  Drone  
  28  2:24  Drone  
  28  2:26  Zerg Ground Armor Level 1  
  29  2:32  Drone  
  29  2:36  Drone  
  31  2:41  Queen  
  33  2:44  Overlord  
  33  2:46  Drone  
  34  2:53  Drone  
  35  3:02  Drone  
  36  3:07  Drone  
  36  3:08  Drone  
  38  3:13  Drone x4  
  38  3:16  Zergling x2  
  38  3:17  Zergling x2  
  44  3:23  Metabolic Boost  
  44  3:24  Overlord  
  44  3:37  Overlord  
  44  3:45  Zergling x8  
  44  3:46  Zergling x6  
  51  3:50  Zergling x2  
  51  3:53  Overlord  
  52  3:56  Zergling x4  
  52  3:58  Zergling x2  
  52  4:02  Lair  
  55  4:04  Hatchery  
  55  4:08  Zergling x4  
  56  4:16  Overlord  
  56  4:20  Zerg Missile Weapons Level 1, Drone  
  56  4:22  Extractor  
  56  4:27  Drone x2  
  56  4:28  Drone  
  59  4:31  Extractor  
  59  4:32  Overlord, Roach Warren  
  59  4:34  Drone x2  
  59  4:36  Drone  
  60  4:38  Drone  
  61  4:45  Drone  
  61  4:54  Overlord  
  61  4:57  Overlord  
  61  5:01  Overlord  
  61  5:08  Overlord  
  61  5:09  Overlord  
  61  5:11  Glial Reconstitution  
  61  5:12  Roach  
  61  5:13  Roach x3  
  69  5:16  Roach  
  71  5:23  Roach x2  
  74  5:31  Roach x2  
  74  5:32  Roach x4  
  74  5:35  Roach  
  87  5:38  Roach  
  87  5:40  Overlord  
  87  5:41  Roach  
  91  5:47  Roach  
  93  5:50  Roach  
  93  5:51  Roach  
  93  5:54  Roach  
  93  5:56  Overlord  
  99  5:59  Roach x2  
  99  6:02  Roach  
  105  6:08  Zergling x4, Roach  
  108  6:13  Zergling x6  
  108  6:18  Zergling x6  
  107  6:19  Zergling x2  
  107  6:22  Zergling x4  
  110  6:25  Ravager  
  110  6:26  Ravager  
  110  6:28  Zergling x4  
  110  6:30  Zergling x2  
  113  6:36  Zergling x2  
  112  6:40  Zergling x6  
  101  6:48  Zergling x6  
  92  6:54  Zergling x2  
  92  6:55  Zergling x8  
  92  6:56  Zergling x4  
  92  7:01  Ravager, Zergling x4  
Show
View Real Time Build Order
Export as new Build Order

Scarlett Zerg 

Build Orders: Hatch First 

Get SALT Encoding   

  12  0:00  Drone  
  13  0:12  Overlord  
  13  0:17  Drone  
  14  0:30  Drone  
  14  0:31  Drone  
  14  0:34  Drone  
  17  0:50  Hatchery  
  17  0:54  Drone  
  17  0:57  Drone  
  18  1:05  Extractor  
  17  1:12  Spawning Pool  
  17  1:15  Drone  
  17  1:18  Drone  
  18  1:27  Drone  
  19  1:38  Drone  
  20  1:49  Overlord  
  20  1:58  Queen  
  22  2:02  Queen  
  22  2:06  Metabolic Boost  
  22  2:08  Drone x2  
  26  2:14  Drone  
  26  2:15  Drone  
  28  2:22  Drone  
  29  2:27  Drone  
  30  2:34  Queen  
  32  2:40  Hatchery  
  31  2:45  Overlord  
  31  2:52  Baneling Nest  
  31  2:53  Zergling x2  
  31  2:54  Zergling x2  
  31  2:56  Drone  
  33  3:05  Drone x3  
  36  3:07  Drone  
  36  3:08  Drone  
  36  3:10  Drone  
  39  3:19  Queen  
  41  3:20  Drone  
  41  3:25  Drone x2  
  44  3:35  Baneling x2  
  44  3:37  Overlord  
  44  3:39  Extractor  
  43  3:43  Overlord, Drone  
  43  3:47  Overlord  
  43  3:53  Drone x3  
  43  3:54  Drone x3  
  49  4:05  Roach Warren, Zergling x4  
  50  4:12  Drone x3  
  50  4:13  Extractor  
  53  4:17  Drone x4  
  53  4:18  Evolution Chamber  
  55  4:24  Zergling x2  
  55  4:25  Zergling x4  
  55  4:26  Baneling x2  
  55  4:28  Drone  
  59  4:35  Zergling x10  
  59  4:38  Spine Crawler  
  63  4:39  Baneling  
  63  4:40  Zergling x2  
  63  4:43  Zergling x2  
  63  4:44  Zergling x2  
  66  4:47  Zergling x6  
  69  4:59  Overlord, Drone x4  
  73  5:00  Overlord  
  73  5:12  Overlord  
  73  5:13  Lair  
  73  5:17  Zerg Missile Weapons Level 1  
  73  5:19  Drone x5  
  73  5:20  Drone x2  
  80  5:22  Drone  
  81  5:28  Drone  
  81  5:29  Drone x4  
  81  5:32  Extractor  
  81  5:33  Overlord  
  83  5:36  Overlord  
  83  5:37  Drone  
  83  5:38  Drone  
  83  5:41  Roach  
  87  5:45  Overlord x2  
  87  5:46  Roach  
  89  5:50  Roach x2  
  89  5:52  Roach  
  95  5:57  Roach x2  
  95  5:58  Roach  
  95  6:03  Roach x4, Extractor  
  106  6:14  Roach  
  106  6:15  Roach x4  
  106  6:16  Ravager  
  114  6:21  Roach x3  
  114  6:24  Roach x4  
  128  6:27  Roach  
  128  6:28  Overlord  
  128  6:30  Overlord  
  121  6:40  Roach x5  
  121  6:46  Roach  
  120  6:47  Roach x2  
  120  6:50  Roach  
  120  6:53  Roach  
  110  6:56  Roach  
  110  6:57  Roach x2, Zergling x8  
  110  7:06  Roach x3  

Tags
 
Add a new tag
Caveats
  • Supply blocks, unpowered buildings, or Contaminate may cause inaccurate times.
  • Supply counts are checked every 10 seconds.